 Dungeon Crawl Stone Soup version 0.28-a0-1629-gf728b707aa (webtiles) character file.

Game seed: 14752812158819510952

185 ytsedan the Shield-Bearer (level 5, 0/47 HPs)
             Began as a Minotaur Fighter on Jan 24, 2022.
             Slain by a gnoll (7 damage)
             ... on level 5 of the Dungeon.
             The game lasted 00:03:53 (2113 turns).

ytsedan the Shield-Bearer (Minotaur Fighter)        Turns: 2113, Time: 00:03:54

Health: 0/47       AC: 12    Str: 22    XL:     5   Next: 37%
Magic:  4/4        EV:  7    Int:  5    God:
Gold:   195        SH:  4    Dex: 10    Spells: 4/4 levels left

rFire   . . .      SeeInvis .   a - +0 war axe
rCold   . . .      Faith    .   c - +0 buckler
rNeg    . . .      Spirit   .   m - +0 chain mail
rPois   .          Reflect  .   (helmet restricted)
rElec   .          Harm     .   f - +2 cloak
rCorr   .          Rampage  .   (no gloves)
Will    .....                   (no boots)
Stlth   ..........              (no amulet)
HPRegen 0.15/turn               (no ring)
MPRegen 0.09/turn               (no ring)

@: lit by a corona, glowing
A: horns 2, retaliatory headbutt
a: no special abilities


You were on level 5 of the Dungeon.
You visited 1 branch of the dungeon, and saw 4 of its levels.

You collected 195 gold pieces.

Inventory:

Hand Weapons
 a - a +0 war axe (weapon)
Armour
 b - a +0 scale mail
 c - a +0 buckler (worn)
 f - a +2 cloak (worn)
 m - a +0 chain mail (worn)
Jewellery
 o - a ring of see invisible
 p - a ring of fire
Scrolls
 e - 4 scrolls of enchant weapon {unknown}
 h - 4 scrolls of identify {unknown}
 i - 2 scrolls of teleportation {unknown}
 j - a scroll of acquirement {unknown}
 k - a scroll of fog {unknown}
 l - a scroll of blinking {unknown}
 n - 2 scrolls of vulnerability {unknown}
 q - 3 scrolls of brand weapon {unknown}
Potions
 d - 2 potions of might
 g - 5 potions of curing {unknown}
 r - a potion of heal wounds {unknown}


   Skills:
 + Level 4.6 Fighting
 * Level 4.6 Axes
 + Level 4.6 Armour
 + Level 4.6 Shields


You had 4 spell levels left.
You didn't know any spells.
Your spell library contained the following spells:

 Spells                   Type           Power      Damage    Failure   Level
 Tukima's Dance           Hex            0%         N/A       100%        3
 Anguish                  Hex/Necr       0%         N/A       100%        4
 Enfeeble                 Hex            0%         N/A       100%        7


Dungeon Overview and Level Annotations

Branches:
Dungeon (5/15)
 Temple: D:4-7

Altars:

Shops:
D:4 :

Annotations:
D:4 2 transporters


Innate Abilities, Weirdness & Mutations

You have a pair of horns on your head.
You reflexively headbutt those who attack you in melee.


Message History

The gnoll shaman shouts!
You hear a shout!
The gnoll shaman calls upon its god to speed up something.
The gnoll barely misses you.
You slash the gnoll!
You kill the gnoll!
The gnoll shaman calls down the wrath of its god upon you.
You are outlined in light.
You see here a +1 vampiric halberd.
The gnoll shaman hits you with a +0 whip.
Things that are here:
a +0 club; a +0 whip You completely miss the gnoll shaman.
A gnoll comes into view. It is wielding a +0 halberd.
The gnoll shaman hits you with a +0 whip.
You closely miss the gnoll shaman. Your headbutt misses the gnoll shaman.
The gnoll hits you from afar with a +0 halberd.
The gnoll shaman barely misses you. The gnoll barely misses you.
You hit the gnoll shaman.
The gnoll shaman is moderately wounded.
You block the gnoll's attack. You block the gnoll shaman's attack.
The gnoll hits you from afar with a +0 halberd.
The gnoll shaman hits you with a +0 whip.
* * * LOW HITPOINT WARNING * * *
You closely miss the gnoll shaman. You headbutt the gnoll shaman.
The gnoll shaman is heavily wounded.
The gnoll hits you but does no damage. You block the gnoll's attack.
The gnoll shaman barely misses you. You furiously retaliate!
You headbutt the gnoll shaman!
You kill the gnoll shaman!
The gnoll hits you but does no damage.
Things that are here:
a +0 whip; a +0 leather armour; a gnoll corpse The gnoll hits you with a +0 halberd.
* * * LOW HITPOINT WARNING * * *
The gnoll barely misses you.
Things that are here:
a +0 whip; a +0 leather armour; a gnoll corpse You hit the gnoll but do no damage.
You block the gnoll's attack. The gnoll hits you with a +0 halberd!
You die...

.... #... #.......# #
..... ......##.....## #
..... #....# ##....# #
.........#.# #.##.## #
......#.#).# ##.#.<.####
.........#.# #..........
#)##.# #..#...###.
#g##.# #..........
#@##.###.###.###..
#...........>.....
#..........###.####.##..
........#####...###.##..
#####.#..........)..##..
#.#######..)#######. #.
##.########[ .
#.......... #
###########


You could see a gnoll (fast).

Vanquished Creatures
  A jelly (D:4)
  A gnoll shaman (D:5)
  An iguana (D:4)
  3 adders
  3 gnolls (D:5)
  A dart slug (D:1)
  3 orcs
  A bat (D:1)
  4 endoplasms
  4 goblins
  3 hobgoblins
  3 kobolds
  3 quokkas
  7 ball pythons
  3 rats (D:1)
41 creatures vanquished.

Notes
Turn   | Place    | Note
-------+----------+-------------------------------------------
     0 | D:1      | ytsedan the Minotaur Fighter began the quest for the Orb.
     0 | D:1      | Reached XP level 1. HP: 19/19 MP: 0/0
   237 | D:1      | Found a faded altar of an unknown god.
   291 | D:1      | Reached XP level 2. HP: 27/27 MP: 1/1
   846 | D:2      | Reached XP level 3. HP: 25/33 MP: 2/2
  1118 | D:2      | You fall into a shaft and drop 2 floors!
  1249 | D:4      | Found a transporter.
  1249 | D:4      | Noticed a fire bat
  1252 | D:4      | Noticed a fire bat
  1275 | D:4      | Reached XP level 4. HP: 36/40 MP: 3/3
  1421 | D:4      | Found Yheelug's Book Shop.
  1568 | D:4      | Found a transporter.
  2018 | D:5      | Entered Level 5 of the Dungeon
  2095 | D:5      | Reached XP level 5. HP: 42/47 MP: 4/4
  2113 | D:5      | Slain by a gnoll

Illustrated notes

Levels and vault maps discovered:
D:1:      heliophobic_arrival_enchanted_forest, layout_loops_ring,
          hellmonk_ecumenical_altar_crossroads
D:2:      layout_rooms, basic_altar
D:4:      gammafunk_cloud_chamber, layout_loops_ring, serial_shops,
          nicolae_shop_stone
D:5:      layout_loops_ring, grunt_temple_overflow_holy_war,
          gammafunk_temple_overflow_elements, minmay_misc_feat_alley, uniq_ijyb

Skill      XL: |  1  2  3  4 |
---------------+-------------+-----
Axes           | 3 4 |  4.6
Fighting       | 4 |  4.6
Armour         | 4 |  4.6
Shields        | 4 |  4.6

Action                   |  1- 3 |  4- 6 || total
-------------------------+-------+-------++-------
Melee: War axe           |    61 |    54 ||   115
       Headbutt          |     7 |     6 ||    13
Armor: Scale mail        |    26 |       ||    26
       Chain mail        |     4 |    25 ||    29
Dodge: Dodged            |    30 |    18 ||    48
Block: Buckler           |    11 |    15 ||    26

Table legend: (Time is in decaauts)
 A = Elapsed time spent in this place.
 B = Non-inter-level travel time spent in this place.
 C = Inter-level travel time spent in this place.
 D = Time resting spent in this place.
 E = Time spent auto-exploring this place.
 F = Levels seen in this place.
 G = Mean time per level.
                   A        B        C        D        E       F      G
               +--------+--------+--------+--------+--------+-----+--------+
         Total |   2153 |   2109 |     44 |      0 |   1584 |   4 |  538.2 |
       Dungeon |   2153 |   2109 |     44 |      0 |   1584 |   4 |  538.2 |
               +--------+--------+--------+--------+--------+-----+--------+

Top non-repeatable levels by time:
     D:4: 914 daAuts
     D:1: 748 daAuts
     D:2: 388 daAuts
     D:5: 102 daAuts
